[Event "E Grand Swiss 2023"]
[Site "Isle of Man"]
[Date "2023.10.25"]
[Round "1"]
[White "Duda, Jan Krzysztof"]
[Black "Idani, Pouya"]
[Result "1-0"]
[WhiteElo "2726"]
[BlackElo "2633"]
[ECO "D37"]
[EventDate "2023.??.??"]
[Annotator "rafael"]
[PlyCount "63"]
[Beauty "8246739896391"]
[EventType "game"]
[EventCountry "FID"]
[TimeControl "40/5400+30:1800+30"]

1.c4 e6 2.Nc3 d5 3.d4 h6 {A curious move that has become popular recently. The idea is to avoid the development of the white bishop to g5.} 4.Nf3 Nf6 5.Bf4 ( 5.g3 Bd6 6.a3 O-O 7.g4 {This almost random sequence was played in an online game between Gukesh and Carlsen. Of course, knowing how to make mysterious moves with pawns is a secret to playing chess well nowadays. Gukesh-Carlsen, Chess.com (blitz) 2022.} ) 5...Bd6 6.Bxd6 Qxd6 7.c5 {Duda played this move quickly, so I assume it's home preparation. It's usually difficult to decide on this pawn advance because we instinctively want to maintain greater control of the center with the pawn on c4. Additionally, White needs to keep an eye on Black's breaks with e6-e5 and b7-b6. I emphasize again the importance of the pawn play, which will be the central positional theme in this game.} ( 7.e3 {is the main move.} ) 7...Qe7 8.e3 O-O 9.b4 {An important moment. Black must choose a plan of action.} 9...c6 ( 9...a6 $5 {[%c_effect a6;square;a6;type;Interesting;persistent;true] is a deep and interesting move. The idea is to develop the knight to c6.} 10.a4 ( 10.Be2 Nc6 $1 {[%c_effect c6;square;c6;type;GreatFind;persistent;true] This is Black's point: the knight now cannot be attacked by b4-b5.} 11.Qb3 {Here Black has several interesting continuations. 11...Rd8, preparing e6-e5; 11...e5, sacrificing the d5-pawn, or 11...b6, opening the queenside, when the queen on b3 might be the subject of an attack after ...Rb8.} ) 10...b6 11.a5 $1 {[%c_effect a5;square;a5;type;GreatFind;persistent;true] Preventing a6-a5.} 11...Nc6 12.axb6 cxb6 13.b5 Na5 14.Rxa5 $1 bxa5 15.b6 Nd7 16.Be2 Nxc5 $1 17.dxc5 Qxc5 18.Qd4 Qxd4 19.exd4 Rb8 {This was Lokander-Van Foreest, Germany 2022. Both sides played with accuracy and imagination. Black later went on to win the endgame, although the computer evaluates the position as equal.} ) ( 9...b6 {is a natural choice, followed by a7-a5. This can also be played on the next move.} ) 10.Be2 a6 $5 {[%c_effect a6;square;a6;type;Interesting;persistent;true] Black simply wants to put the knight on d5 and then play e5-e4 and attack the kingside.} ( 10...b6 {is a standard, although passive, plan.} 11.O-O a5 12.a3 Ba6 {White has a small advantage in a position typical of the Queen's Gambit Declined.} ) ( 10...Nbd7 11.b5 $1 {[%c_effect b5;square;b5;type;GreatFind;persistent;true] This gives White extra chances since the queen can use the a4-square.} ) 11.O-O Nbd7 12.a4 e5 13.Qc2 ( 13.b5 {is a little rushed.} 13...exd4 14.exd4 Ne4 $1 {[%c_effect e4;square;e4;type;GreatFind;persistent;true] with counterplay, in Narayanan-Ghosh, Dhaka 2022.} ) 13...e4 14.Nd2 Nh7 15.b5 f5 {This natural move turns out to be a novelty.} ( 15...Qh4 $2 {[%c_effect h4;square;h4;type;Mistake;persistent;true] It's not clear what the queen is doing here.} 16.bxc6 bxc6 17.f3 {with a clear advantage for White in Beydullayeva-Basso, Novi Sad 2022.} ) 16.Nb3 {The knight is ready to go to a5. The position is complex and it's not clear that this is the best plan.} ( 16.bxc6 bxc6 17.a5 {is possible, when White can play Na4-b6, or Qa4, attacking the c6-pawn. The question is who is going to be faster, White on the queenside or Black on the kingside.} ) 16...a5 {Idani, for now, takes the a5-square from the knight.} ( 16...Qd8 {is possible, but it's difficult to retreat the queen like this.} ) ( 16...Ndf6 $1 {[%c_effect f6;square;f6;type;GreatFind;persistent;true] is the best move. Black has adequate counterplay. The knight on a5 is not as dangerous as it looks.} ) 17.Qd2 $1 {[%c_effect d2;square;d2;type;GreatFind;persistent;true] Duda's intentions become clear on the next move.} 17...g5 $2 {[%c_effect g5;square;g5;type;Mistake;persistent;true] This is too optimistic. Black needed a more subtle move.} ( 17...Ndf6 {is best. Now the knight sacrifice is no good.} 18.f4 {White needs to gains some space on the kingside.} ( 18.Na2 $2 {[%c_effect a2;square;a2;type;Mistake;persistent;true] The primitive attack against the a5-pawn is too slow.} 18...Ng4 $1 {[%c_effect g4;square;g4;type;GreatFind;persistent;true] The attack is already decisive, for instance:} 19.h3 Ng5 $1 20.hxg4 fxg4 {Followed by a sacrifice on f3.} ) 18...exf3 19.Bxf3 Ng5 $13 ) 18.Nxa5 $1 {[%c_effect a5;square;a5;type;GreatFind;persistent;true] Duda thought for more or less 15 minutes before executing this excellent move.} 18...Rxa5 19.Nxd5 cxd5 ( 19...Qd8 {doesn't help:} 20.Ne7+ $1 Qxe7 21.Bc4+ Kh8 22.Qxa5 Ndf6 23.Qb6 {with a position similar to the game.} ) 20.Qxa5 Ndf6 21.Qb6 {There are alternatives, but Duda's plan is good and straightforward. He prepares to advance the a-pawn and the queen can help in defense, if needed, with Qb6-d6.} 21...f4 22.a5 ( 22.Qd6 {is also good.} ) 22...f3 23.gxf3 Bh3 {Idani desperately tries to create attacking chances, but the a-pawn is too fast.} 24.a6 $1 exf3 25.Bxf3 bxa6 26.bxa6 {The natural human reaction. The pawn is two steps from paradise.} ( 26.Rxa6 {is a computer suggestion.} 26...Bxf1 27.Kxf1 g4 28.Ra7 Qe8 29.Qb7 $1 Qg6 30.Bxd5+ Kh8 {With the engine on we can see that White is winning, but during the game I'd still be afraid of the queen and two knights looking at my king.} ) 26...g4 ( 26...Bxf1 27.a7 $1 Bh3 28.a8=Q Rxa8 29.Rxa8+ Nf8 30.c6 {The c-pawn is decisive.} ) ( 26...Qd7 {is the best practical chance.} 27.Qd6 {This is probably the simplest, but there are other good moves.} ( 27.a7 $2 {[%c_effect a7;square;a7;type;Mistake;persistent;true] But not this one, since after} 27...Qf5 {Black has serious threats.} ) 27...Qf5 ( 27...Qxd6 28.cxd6 Bxf1 29.Kxf1 Ra8 30.a7 {with a winning endgame.} ) 28.Be2 {White is able to defend the king.} ) 27.Qb7 $1 Qe6 ( 27...Qxb7 28.axb7 gxf3 29.Ra8 {The b-pawn promotes.} ) 28.Bh1 $1 Ng5 ( 28...Bxf1 29.a7 {wins.} ) 29.a7 Nf3+ 30.Bxf3 gxf3 31.Qb8 $1 {[%c_effect b8;square;b8;type;GreatFind;persistent;true] The only winning move.} ( 31.Qc7 $2 {[%c_effect c7;square;c7;type;Mistake;persistent;true] is no good:} 31...Ne4 $1 ) 31...Bxf1 32.a8=Q 1-0

[Event "Masters 2023"]
[Site "Lusail, Qatar"]
[Date "2023.10.19"]
[Round "8"]
[White "Gukesh, D."]
[Black "Kevlishvili, Robby"]
[Result "1-0"]
[WhiteElo "2758"]
[BlackElo "2521"]
[ECO "A46"]
[EventDate "2023.??.??"]
[Annotator "rafael"]
[PlyCount "55"]
[Beauty "8251726928912"]
[EventType "team-tourn"]
[EventCountry "QAT"]
[TimeControl "5400+30"]

1.d4 Nf6 2.Bf4 e6 3.e3 c5 4.Nf3 Be7 5.h4 {A surprising advance and a theoretical novelty, according to my database. It's not shocking that the calmer pawn advance to h3 is the most popular move. I'm not sure if this move was part of his home preparation or the result of over-the-board inspiration, but Gukesh's courage and creativity must be praised. Compared to 5.h3, the move played also opens up space so that the bishop is not attacked with Nf6-h5. However, White already indicated that his plans involve castling queenside and advancing pawns on the kingside.} 5...b6 $6 {[%c_effect b6;square;b6;type;Inaccuracy;persistent;true] Choosing a move is hard when there are so many options. Gukesh's strong reply shows the flaws with Black's move.} ( 5...d5 ) ( 5...O-O ) ( 5...Qb6 ) 6.Nc3 $1 {[%c_effect c3;square;c3;type;GreatFind;persistent;true] Another move that ignores aesthetic prejudices. The knight heads to b5 and also supports the d4-d5 advance.} 6...cxd4 {The alternatives are not enough to equalize. White retains pressure in all following alternatives:} ( 6...Bb7 7.Nb5 ) ( 6...a6 7.d5 ) ( 6...O-O 7.Nb5 Na6 8.Nd6 ) 7.Nxd4 $1 {[%c_effect d4;square;d4;type;GreatFind;persistent;true] The only way to fight for the initiative. The queen will be developed on f3. White's pieces are very active.} 7...O-O ( 7...a6 {avoids the knight move to b5, but after} 8.Qf3 d5 9.g4 $1 {[%c_effect g4;square;g4;type;GreatFind;persistent;true] White starts advancing on the kingside.} ) 8.Ndb5 $6 {[%c_effect b5;square;b5;type;Inaccuracy;persistent;true] This is a tempting move, but objectively it's stronger to prioritize development with} ( 8.Qf3 $1 d5 9.O-O-O {with the idea of g4-g5. If Black tries to win the exchange, White gets more than enough compensation after} 9...e5 $6 10.Bxe5 Bg4 11.Qg3 Bxd1 12.Nxd1 ) 8...Ne8 9.Qf3 Nc6 {Black can complete his development now.} 10.O-O-O Bb7 11.h5 ( 11.Qg3 {is more natural. Maybe Gukesh wanted to avoid the d7-d5 advance.} 11...d5 12.e4 d4 13.Nxd4 Nxd4 14.Be5 Bc5 15.Nb5 Qe7 16.Bxd4 Bxe4 {White can still fight for an advantage here.} ) 11...a6 12.Nd6 Nxd6 13.Bxd6 f5 {In many positions, Black will have the chance to play h7-h6, and he should have done so at some point.} ( 13...h6 $1 {[%c_effect h6;square;h6;type;GreatFind;persistent;true] Avoiding h5-h6, with an acceptable position.} ) 14.Qg3 b5 15.Bxe7 Qxe7 ( 15...Nxe7 {is also possible.} ) 16.Qc7 Bc8 ( 16...Rfd8 {is more accurate. The bishop cannot be captured since the queen is trapped. Meanwhile, Black prepares d7-d6 with a queen exchange.} 17.Qxb7 $2 Ra7 18.Qb6 Rb8 ) 17.g4 $1 {[%c_effect g4;square;g4;type;GreatFind;persistent;true] Opening the g-file to create attacking chances.} 17...b4 ( 17...fxg4 {In hindsight, it's better to leave the knight on c3. A possible continuation is:} 18.h6 ( 18.Qg3 Bb7 {Black is fine.} ) 18...d6 $5 19.Qxe7 Nxe7 20.Rxd6 Rxf2 {with a complicated endgame.} ) 18.Na4 fxg4 19.Qg3 {It's never quite clear whether White should insert h6-g6, but the computer normally likes to do so.} ( 19.h6 g6 20.Be2 {with the initiative.} ) 19...d5 $6 {[%c_effect d5;square;d5;type;Inaccuracy;persistent;true] This shuts down the bishop's diagonal and creates problems for Black.} ( 19...Bb7 {is better:} 20.Rg1 Rf5 $1 21.Qc7 ( 21.Qxg4 Ne5 $1 ) 21...d5 ( 21...d6 {is also good.} ) 22.Qxe7 Nxe7 {with a roughly equal position.} ) 20.Be2 Rb8 $6 ( 20...h6 {Now it's definitely a good time to avoid h5-h6.} ) 21.Rhg1 ( 21.h6 g6 22.Bxg4 {White has a clear advantage, with more active pieces and better pawn structure.} ) 21...Bd7 ( 21...h6 $1 {[%c_effect h6;square;h6;type;GreatFind;persistent;true] Again this is recommended.} 22.Bxg4 Rf7 ) 22.Bxg4 Kh8 23.Kb1 ( 23.Be2 {clears the g-file for the heavy pieces and is a good alternative.} ) 23...Na7 $2 {[%c_effect a7;square;a7;type;Mistake;persistent;true] This move will be exemplarily punished.} ( 23...h6 $1 ) 24.Nc5 $3 {[%c_effect c5;square;c5;type;Brilliant;persistent;true] A brilliant combination, which will certainly find its way into future tactics exercise books.} 24...Qxc5 25.Bxe6 Qe7 26.h6 $1 {[%c_effect h6;square;h6;type;GreatFind;persistent;true] This is the point of the sacrifice.} 26...gxh6 $2 ( 26...g6 {is the best chance, but White has a winning endgame after} 27.Qe5+ Qf6 ( 27...Rf6 {Chess games often hinge on small details: if the rook were on a8, the combination wouldn't work.} 28.Qxb8+ ) 28.Qxf6+ Rxf6 29.Bxd7 Rxf2 30.Be6 {The d5-pawn falls, Black's king is still unsafe, and the bishop is much better than the knight.} ) 27.Qe5+ Qf6 28.Rg8+ $1 1-0

[Event "Masters 2023"]
[Site "Lusail, Qatar"]
[Date "2023.10.20"]
[Round "9"]
[White "Abdusattorov, Nodirbek"]
[Black "Erigaisi, Arjun"]
[Result "1-0"]
[WhiteElo "2716"]
[BlackElo "2712"]
[ECO "D31"]
[EventDate "2023.??.??"]
[Annotator "rafael"]
[PlyCount "97"]
[Beauty "7083474824276"]
[EventType "team-tourn"]
[EventCountry "QAT"]
[TimeControl "5400+30"]

1.c4 e6 2.Nc3 d5 3.d4 c6 4.e4 {This variation is known as the \"Marshall Gambit.\" This is the only case of a player who has two excellent gambits named after him, one with White and one with Black.} 4...dxe4 5.Nxe4 Bb4+ 6.Bd2 {The most critical move.} ( 6.Nc3 {is not very dangerous after} 6...e5 $1 ) 6...Qxd4 7.Bxb4 Qxe4+ 8.Be2 ( 8.Ne2 {also has tons of theory.} ) 8...Na6 9.Bd6 ( 9.Ba5 {This move was played against Erigaisi in 2023. This information is important to understand the story behind this game, as Abdusattorov expected this opening and did an excellent job with his opening preparation.} 9...b6 10.Qd6 $1 e5 ( 10...Bd7 {is a good alternative.} ) 11.Bc3 Ne7 12.Qxe5 Qxe5 13.Bxe5 f6 14.Bc3 Nc5 15.O-O-O Kf7 {with an equal position in Wei-Erigaisi, Dubai (rapid) 2023.} ) 9...Qxg2 10.Bf3 {This move had already been played by Abdusattorov before.} ( 10.Qd2 {is the most popular choice. I prepared this move before facing GM Shulman in the 2007 World Cup. My conclusion at the time was that White was better, but computers have advanced a lot since then.} 10...Nf6 ( 10...e5 {is an important alternative.} ) 11.Bf3 Qg6 12.O-O-O e5 13.Bxe5 Be6 $1 {[%c_effect e6;square;e6;type;GreatFind;persistent;true] Black's position is acceptable. An important game continued:} ( 13...O-O $6 {[%c_effect g8;square;g8;type;Inaccuracy;persistent;true] was the move chosen by my opponent.} 14.Ne2 Qf5 {Here I missed a big chance.} 15.Bd6 $2 ( 15.Qe3 $1 {[%c_effect e3;square;e3;type;GreatFind;persistent;true] gives White a winning advantage, according to modern computers.} ) 15...Rd8 {with equality in Leitao-Shulman, FIDE World Cup Khanty-Mansiysk 2007.} ) 14.Ne2 Qf5 15.Bf4 Qc5 16.Nc3 Qxc4 17.Be2 Qb4 18.Bxa6 bxa6 19.Bd6 Qb7 {with chances for both sides in a complicated position: Yoo-Burke, Saint Louis 2022.} ) 10...Qg5 $1 {[%c_effect g5;square;g5;type;GreatFind;persistent;true] The most accurate retreat. The difference is that on g5, the queen can go to a5 in some lines.} ( 10...Qg6 {was the move played against Abdusattorov in a 2021 blitz game.} 11.Ne2 Nf6 $2 ( 11...Ne7 {is better.} ) 12.Rg1 {White already has a decisive advantage: Abdusattorov-Smirnov, Chess.com (blitz) 2021.} ) 11.Ne2 Ne7 12.Ng3 {The knight is ready to go to the strong e4-square.} 12...e5 $1 {[%c_effect e5;square;e5;type;GreatFind;persistent;true] An excellent novelty and the first choice of the computer. Both players are well prepared, but now Abdusattorov plays a move that his opponent was probably not expecting.} ( 12...Qa5+ {was tried in Gandrud-Nezad, Gibraltar Masters 2014. Now White can achieve a much better position after} 13.b4 $1 Nxb4 14.O-O ) 13.Qb3 $1 ( 13.Ne4 {Erigaisi probably expected this natural move. Black is fine after} 13...Qf4 ) 13...O-O $6 {[%c_effect g8;square;g8;type;Inaccuracy;persistent;true] The Indian GM thought a lot before playing this move. It's impossible to navigate the complications without a prepared analysis.} ( 13...Ng6 {is the computer's favorite move. Obviously, Abdusattorov has a lot of analysis here.} ) 14.h4 Qf6 15.Ne4 Qe6 16.O-O-O {White has a very dangerous initiative, but the opening preparation goes further.} 16...Re8 17.Rhg1 Nf5 18.Bh5 $1 {[%c_effect h5;square;h5;type;GreatFind;persistent;true] Abdusattorov was still playing very quickly. This very strong move is the computer suggestion. Clearly, Erigaisi was caught in a prepared line, and his situation is now very difficult. White attacks the f7-square and threatens 19.Ng5. Another idea of this move is to force ...h6 or ...g6, cutting off the queen's path to the h6-square.} ( 18.Bg4 $2 {[%c_effect g4;square;g4;type;Mistake;persistent;true] is premature. Black is better after} 18...Qh6+ 19.Kb1 Nd4 ) 18...Nd4 $2 {[%c_effect d4;square;d4;type;Mistake;persistent;true] Black's position becomes very dangerous after this natural move.} ( 18...g6 19.Bg4 $1 ) ( 18...h6 19.Bg4 $1 ) ( 18...Qh6+ $1 {[%c_effect h6;square;h6;type;GreatFind;persistent;true] is the right way:} 19.Kb1 Nxd6 20.Rxd6 Qf4 21.Nf6+ Kf8 22.Nxe8 Kxe8 {This chaotic position is better for White after the prophylactic} 23.Ka1 $1 ) 19.Qd3 g6 {White had a big time advantage at this point.} 20.f4 $1 {[%c_effect f4;square;f4;type;GreatFind;persistent;true] Finally, a move that was played after some thought.} 20...c5 $1 {[%c_effect c5;square;c5;type;GreatFind;persistent;true] The best chance. I am amazed at Erigaisi's enormous skill in finding resources to complicate a difficult position with a huge disadvantage on the clock.} 21.fxe5 ( 21.Bxe5 $2 {[%c_effect e5;square;e5;type;Mistake;persistent;true] turns the game around. A beautiful finish is possible:} 21...Nb4 22.Qf1 Nxa2+ 23.Kb1 Nb4 24.Nf6+ Qxf6 25.Bxf6 Bf5+ 26.Kc1 Nb3# ) 21...Nb4 22.Qf1 $1 {[%c_effect f1;square;f1;type;GreatFind;persistent;true] The only square.} 22...Qf5 ( 22...Nxa2+ {is not enough:} 23.Kb1 Qf5 $1 24.Rxd4 $1 cxd4 25.Bf3 {The knight is trapped and White is winning.} ) 23.Rxd4 $1 cxd4 24.Nf6+ Kh8 25.Bxb4 $1 ( 25.Qxf5 {leads only to equality after} 25...Bxf5 26.Bxb4 gxh5 27.Nxe8 Rxe8 ) 25...Rxe5 26.Bd1 $1 {[%c_effect d1;square;d1;type;GreatFind;persistent;true] After all the complications, the situation finally became a little clearer. White has a great advantage since the two pieces are stronger than the rook—especially the powerful dark-squared bishop.} 26...Be6 27.Bd6 Bxc4 $5 {[%c_effect c4;square;c4;type;Interesting;persistent;true] An interesting tactical try. White replies with a mistake.} 28.Ng4 $2 {[%c_effect g4;square;g4;type;Mistake;persistent;true] After playing the opening and middlegame with magnificent precision, Abdusattorov finally makes a mistake and loses most of his advantage.} ( 28.Qxc4 $2 {[%c_effect c4;square;c4;type;Mistake;persistent;true] doesn't work because the queen is pinned after} 28...Rc8 ) ( 28.Bxe5 $1 {[%c_effect e5;square;e5;type;GreatFind;persistent;true] is the right move, leading to a winning position.} 28...Bxf1 ( 28...Qxe5 29.Ng4 $1 {[%c_effect g4;square;g4;type;GreatFind;persistent;true] White keeps the extra piece, which is much stronger than the three pawns.} ) ( 28...Qxf1 29.Rxf1 Bxf1 30.Bf3 {The position is winning for White, as Black's pawns are going to fall.} ) 29.Ng4+ Qxe5 ( 29...Kg8 30.Nh6+ {wins easily.} ) 30.Nxe5 Rc8+ 31.Kd2 Bc4 32.Nxc4 Rxc4 33.Bb3 Rc7 34.Rg4 {The d4-pawn falls and White wins, although I don't believe that converting this position over the board is as easy as the computer says it should be.} ) 28...Qxf1 ( 28...Bxf1 $2 29.Bxe5+ Qxe5 30.Nxe5 {transposes to a variation analyzed in the previous move.} ) 29.Bxe5+ Kg8 30.Rxf1 Bxf1 31.Nf6+ Kg7 {The endgame remains complicated, but now Black has good drawing chances.} 32.Kd2 ( 32.Bf3 Rc8+ 33.Kd2 b6 {surprisingly, White is not able to create dangerous threats even with such great pieces.} ) 32...Bg2 33.b4 h6 34.Bb3 Kf8 35.Bxd4 Ke7 ( 35...b6 {is a bit more accurate.} ) 36.Ke3 ( 36.Ng4 $1 {[%c_effect g4;square;g4;type;GreatFind;persistent;true] creates good practical chances. Black needs to find} 36...Kf8 $1 {[%c_effect f8;square;f8;type;GreatFind;persistent;true] The point is} ( 36...h5 $2 37.Bc5+ {followed by 38.Ne5, with a winning advantage.} ) 37.Nxh6 Rd8 38.Ke3 Bd5 $1 {[%c_effect d5;square;d5;type;GreatFind;persistent;true] with equality.} ) 36...b6 37.Ng4 Bh3 38.Kf4 ( 38.Bf6+ {leads to perpetual check after} 38...Kd6 39.Be5+ Ke7 ) 38...g5+ ( 38...Bxg4 {is also possible:} 39.Kxg4 Rd8 40.Be3 f6 {Black is not at risk of losing anymore.} ) 39.hxg5 hxg5+ 40.Kg3 Bxg4 41.Kxg4 Rd8 42.Ba1 Rd3 43.Kxg5 a5 44.bxa5 bxa5 {Material is greatly reduced, and a draw seems inevitable.} 45.Bc4 Rd2 46.Kf4 a4 47.Bc3 Rh2 48.Kf5 Rh4 $4 {[%c_effect h4;square;h4;type;Blunder;persistent;true] It's a pity that such a well-played game ends with a blunder.} ( 48...Rh5+ {with an easy draw.} ) 49.Bf6+ 1-0